 Dungeon Crawl Stone Soup version 0.27-a0-93-g19769c27d7 (webtiles) character file.

Game seed: 4569714139349727652

34 timneilson the Shield-Bearer (level 3, -2/23 HPs)
             Began as a Gargoyle Fighter on Jan 17, 2021.
             Slain by an orc priest
             ... wielding a +0 hand axe of flaming
              (4 damage)
             ... on level 3 of the Dungeon.
             The game lasted 00:01:51 (717 turns).

timneilson the Shield-Bearer (Gargoyle Fighter)      Turns: 717, Time: 00:01:52

Health: -2/23      AC: 10    Str: 20    XL:     3   Next: 31%
Magic:  3/3        EV:  7    Int:  8    God:
Gold:   36         SH:  9    Dex:  9    Spells: 2/2 levels left

rFire    . . .     SeeInvis .   a - +0 long sword
rCold    . . .     Faith    .   c - +0 kite shield
rNeg     + . .     Spirit   .   b - +0 scale mail
rPois    ∞         Reflect  .   (no helmet)
rElec    +         Harm     .   (no cloak)
rCorr    .         Rampage  .   (no gloves)
Will     .....                  (no boots)
Stlth    ..........             (no amulet)
HPRegen  0.07/turn              (no ring)
MPRegen  0.08/turn              (no ring)

@: mighty
A: negative energy resistance 1, electricity resistance, unbreathing,
petrification resistance, miasma immunity, AC +3
a: no special abilities


You were on level 3 of the Dungeon.
You visited 1 branch of the dungeon, and saw 3 of its levels.

You collected 36 gold pieces.

Inventory:

Hand Weapons
 a - a +0 long sword (weapon)
Armour
 b - a +0 scale mail (worn)
 c - a +0 kite shield (worn)
Scrolls
 e - a scroll of magic mapping
 h - a scroll of identify
Potions
 f - a potion of berserk rage
 i - a potion of resistance
 m - a potion of magic


   Skills:
 + Level 3.5 Fighting
 * Level 2.3 Long Blades
 * Level 3.7 Armour
 * Level 3.7 Shields


You had 2 spell levels left.
You didn't know any spells.
Your spell library was empty.

Dungeon Overview and Level Annotations

Branches:
Dungeon (2/15)

Altars:


Innate Abilities, Weirdness & Mutations

You are resistant to torment.
Your stone body is resilient. (AC +3)
You are immune to poison.
You resist negative energy. (rN+)
You are resistant to electric shocks. (rElec)
You can survive without breathing.
You are immune to petrification.
You are immune to miasma.


Message History

The magic dart hits you! Something hits you but does no damage.
You block the ooze's attack.
The orc priest hits you but does no damage.
You slash something! Something hits you but does no damage. The ooze hits you.
You hear some strange, mumbled words.
A puff of flame appears from out of thin air!
The puff of flame hits you.
* * * LOW HITPOINT WARNING * * *
The orc priest hits you with a +0 hand axe of flaming.
* * * LOW HITPOINT WARNING * * *
The orc priest burns you.
* * * LOW HITPOINT WARNING * * *
The ooze hits you but does no damage.
You slash the orc priest!
The orc priest is heavily wounded.
Something hits you but does no damage.
The orc priest casts a cantrip, but nothing happens.
You block something's attack. The ooze hits you but does no damage.
The orc priest hits you with a +0 hand axe of flaming.
You die...

##........##
#...>......#
#..........#
#.!........#
#..........# .
#....(.....# ...
##........## ###....
##........###oo.....
#!.$......lJ@{#
#.........w####
#............#
#..........#...#
#..........###.#
##..........# #
##......##....
######b# ###.. ... .


You could see a worm, an orc priest, an ooze, an orc and a frilled lizard.

Vanquished Creatures
  2 dart slugs (D:1)
  2 leopard geckos (D:1)
  An orc (D:3)
  4 bats (D:1)
  2 giant cockroaches (D:1)
  4 goblins (D:1)
  2 hobgoblins (D:1)
  2 ball pythons (D:1)
  A frilled lizard (D:1)
  4 kobolds (D:1)
  2 rats (D:1)
26 creatures vanquished.

Notes
Turn   | Place    | Note
-------+----------+-------------------------------------------
     0 | D:1      | timneilson the Gargoyle Fighter began the quest for the
                  | Orb.
     0 | D:1      | Reached XP level 1. HP: 14/14 MP: 1/1
    71 | D:1      | Reached XP level 2. HP: 11/19 MP: 2/2
   436 | D:1      | Reached XP level 3. HP: 23/23 MP: 3/3
   691 | D:2      | You fall into a shaft and drop 1 floor!
   717 | D:3      | Slain by an orc priest

Illustrated notes

Levels and vault maps discovered:
D:1:      psy_arrival_whirlpool, layout_rooms
D:2:      layout_basic, kiku_gazebo_pond_becter, uniq_natasha
D:3:      layout_rooms

Skill      XL: |  1 |
---------------+----+-----
Long Blades    | 2 |  2.3
Fighting       | |  3.5
Armour         | |  3.7
Shields        | |  3.7

Action                   || total
-------------------------++-------
Melee: Long sword        ||    94
  Use: Scroll            ||     8
       Potion            ||     1
Armor: Scale mail        ||    66
Dodge: Dodged            ||    28
Block: Kite shield       ||    63
       Rpst.: Long sword ||     4

Table legend: (Time is in decaauts)
 A = Elapsed time spent in this place.
 B = Non-inter-level travel time spent in this place.
 C = Inter-level travel time spent in this place.
 D = Time resting spent in this place.
 E = Time spent auto-exploring this place.
 F = Levels seen in this place.
 G = Mean time per level.
                   A        B        C        D        E       F      G
               +--------+--------+--------+--------+--------+-----+--------+
         Total |    752 |    729 |     23 |      0 |    487 |   3 |  250.7 |
       Dungeon |    752 |    729 |     23 |      0 |    487 |   3 |  250.7 |
               +--------+--------+--------+--------+--------+-----+--------+

Top non-repeatable levels by time:
     D:1: 720 daAuts
     D:3: 28 daAuts
     D:2: 3 daAuts
